 Dungeon Crawl Stone Soup version 0.29.0-4-gdea44cf6ec (webtiles) character file.

Game seed: 3662659430764765691

509 qw the Chopper (level 7, 0/41 HPs)
             Began as a Tengu Warper on Aug 28, 2022.
             Succumbed to a scorpion's poison
             ... on level 5 of the Dungeon.
             The game lasted 00:00:27 (4755 turns).

qw the Chopper (Tengu Warper)                       Turns: 4755, Time: 00:00:28

Health: 0/41       AC:  9    Str: 22    XL:     7   Next: 19%
Magic:  11/11      EV:  9    Int: 13    God:
Gold:   221        SH:  4    Dex: 14    Spells: 10/10 levels left

rFire   . . .      SeeInvis .   Y - +2 hand axe
rCold   . . .      Faith    .   n - +0 buckler
rNeg    . . .      Spirit   .   m - +0 chain mail
rPois   .          Reflect  .   (helmet restricted)
rElec   .          Harm     .   (no cloak)
rCorr   .          Rampage  .   p - +0 pair of gloves {Str+3}
Will    .....                   (boots unavailable)
Stlth   ..........              (no amulet)
HPRegen 0.13/turn               r - +6 ring of strength
MPRegen 0.12/turn               (no ring)

@: lethally poisoned (0 -> -2), about to teleport, flying quickly and evasively,
quick
A: beak, talons 3, nimble flight
a: no special abilities


You were on level 5 of the Dungeon.
You visited 1 branch of the dungeon, and saw 5 of its levels.

You collected 221 gold pieces.


Innate Abilities, Weirdness & Mutations

You have a beak for a mouth.
You have claws for feet.
Your magical nature lets you fly swiftly and evasively.


   Skills:
 - Level 3.0 Fighting
 - Level 7.0 Axes
 - Level 2.5 Throwing
 - Level 2.2 Armour
 - Level 2.1 Dodging
 + Level 1.0 Shields
 - Level 2.0 Spellcasting
 - Level 2.4 Translocations


You had 10 spell levels left.
You didn't know any spells.
Your spell library contained the following spells:

 Spells                   Type           Power      Damage    Failure   Level
 Blink                    Tloc           14%        N/A       88%         2
 Gell's Gravitas          Tloc           7%         N/A       98%         3
 Lesser Beckoning         Tloc           7%         N/A       98%         3
 Teleport Other           Tloc           7%         N/A       98%         3
 Manifold Assault         Tloc           7%         N/A       100%        5

Inventory:

Hand Weapons
 a - a +0 whip
 Y - a +2 hand axe (weapon)
Missiles
 f - 2 silver javelins (quivered)
Armour
 m - a +0 chain mail (worn)
 n - a +0 buckler (worn)
 p - a +0 pair of gloves of strength (worn)
Jewellery
 r - a +6 ring of strength (left hand)
Scrolls
 i - a scroll of identify
Potions
 c - a potion of magic {unknown}
 d - a potion of lignification {unknown}
 e - a potion of brilliance {unknown}
 g - a potion of curing
 j - 3 potions of cancellation
 k - a potion of might {unknown}
 l - a potion of haste {unknown}
 o - a potion of mutation {unknown}

Dungeon Overview and Level Annotations

Branches:
Dungeon (5/15)
 Temple: D:4-7

Altars:
Fedhas
Hepliaklqana
Makhleb

Annotations:
D:3 1 runed translucent door, qw's ghost, amateur TeWr


Message History

You hit the scorpion but do no damage. You claw the scorpion.
Your peck misses the scorpion.
The scorpion is almost dead.
The orc hits you from afar with a +0 trident.
You block the scorpion's attack.
You hit the scorpion but do no damage.
The scorpion is almost dead.
The scorpion stings you but does no damage.
The orc hits you from afar with a +0 trident.
You closely miss the scorpion. Your kick misses the scorpion.
You peck the scorpion.
The scorpion is almost dead.
The scorpion barely misses you. You block the orc's attack.
The scorpion stings you.
You are poisoned.
The scorpion poisons you!
You completely miss the scorpion.
The scorpion is almost dead.
You feel sick. The orc closely misses you. The scorpion closely misses you.
You hit the scorpion but do no damage.
You claw the scorpion, but do no damage.
The scorpion is almost dead.
You feel sick.
The orc hits you from afar with a +0 trident.
The scorpion stings you.
4752 ||| READING scroll of teleportation.
As you read the scroll of teleportation, it crumbles to dust.
You feel strangely unstable.
You feel sick.
The scorpion stings you but does no damage.
The orc hits you but does no damage.
You hit the scorpion.
You kill the scorpion!
You feel sick. The orc closely misses you.
Your Throwing skill increases to level 2!
You barely miss the phantom. Your kick misses the phantom.
You feel sick. The orc hits you but does no damage.
The phantom hits you but does no damage.
You closely miss the phantom. Your peck misses the phantom.
You die...

....#.....# #.
#...#.....# #. #
##...#.....# #. #.
#.:..#.....###+####. ...
#....#..............
....#....#..............
...'....'..............
..#....#..............
#..@.#..............
##W###.............# .o.
......######### .....
o.....# # .......
......# # .......
.......# # ....... #
....(.. # #


You could see a phantom and an orc.

Vanquished Creatures
  An ogre (D:4)
  A necrophage (D:4)
  A scorpion (D:5)
  A hound (D:4)
  An iguana (D:5)
  A hound skeleton (D:4)
  Robin (D:4)
  A gnoll (D:1)
  8 adders
  3 white imps (D:5)
  An ufetubus (D:4)
  2 worms
  5 dart slugs
  2 orcs
  5 bats
  9 endoplasms
  2 giant cockroaches
  14 goblins
  11 hobgoblins
  6 jackals
  10 kobolds
  3 quokkas
  7 ball pythons
  2 frilled lizards (D:2)
  8 rats
106 creatures vanquished.

Vanquished Creatures (others)
  6 plants (D:4)
6 creatures vanquished.

Grand Total: 112 creatures vanquished

Notes
Turn   | Place    | Note
-------+----------+-------------------------------------------
     0 | D:1      | qw the Tengu Warper began the quest for the Orb.
     0 | D:1      | Reached XP level 1. HP: 12/12 MP: 4/4
     0 | D:1      | 0 ||| qw: Version: 0.1-a-89-g26bdef1
     0 | D:1      | 0 ||| qw: Game counter: 1113
     0 | D:1      | 0 ||| qw: Always use a shield: true
     0 | D:1      | 0 ||| qw: God list: Okawaru
     0 | D:1      | 0 ||| qw: Allow faded altars: false
     0 | D:1      | 0 ||| qw: Do Orc after D:15 true
     0 | D:1      | 0 ||| qw: Do second Lair branch before Depths: true
     0 | D:1      | 0 ||| qw: Lair rune preference: random
     0 | D:1      | 0 ||| qw: Plans: Normal
     0 | D:1      | 0 ||| PLANNING D:1-11
   101 | D:1      | 101 ||| Stepping ~*~*~tactically~*~*~ (stealth).
   154 | D:1      | Reached skill level 3 in Axes
   154 | D:1      | Reached XP level 2. HP: 17/17 MP: 6/6
   168 | D:1      | 168 ||| Stepping ~*~*~tactically~*~*~ (hiding).
   316 | D:1      | Reached XP level 3. HP: 21/21 MP: 7/7
   477 | D:1      | Reached skill level 4 in Axes
   883 | D:1      | 883 ||| UPGRADING to +0 buckler.
   888 | D:1      | 888 ||| READING 2 scrolls labelled FARACU UMOIFOEDUNK.
   889 | D:1      | 889 ||| READING scroll of enchant weapon.
   889 | D:1      | 889 ||| ENCHANTING +1 hand axe.
   890 | D:1      | 890 ||| READING scroll labelled SUVUTE MOUTHI.
   891 | D:1      | 891 ||| READING scroll labelled AKAMPOEFEO.
   892 | D:1      | 892 ||| DROPPING scroll of blinking.
   928 | D:2      | 928 ||| DROPPING +0 club.
  1051 | D:2      | Found a faded altar of an unknown god.
  1246 | D:2      | Reached skill level 1 in Shields
  1283 | D:2      | Reached XP level 4. HP: 26/26 MP: 8/8
  1366 | D:2      | Found a blossoming altar of Fedhas.
  1778 | D:2      | HP: 6/26 [poisoned by an adder]
  2134 | D:2      | 2134 ||| UPGRADING to +0 chain mail.
  2144 | D:2      | 2144 ||| DROPPING +0 leather armour.
  2145 | D:2      | 2145 ||| READING 2 scrolls labelled ULI JOCOMU.
  2146 | D:2      | 2146 ||| READING scroll labelled SIUROCH FE PIR.
  2147 | D:2      | 2147 ||| READING scroll labelled DEASOTIREO.
  2148 | D:2      | 2148 ||| DRINKING 2 yellow potions.
  2249 | D:2      | 2249 ||| DROPPING potion of ambrosia.
  2250 | D:2      | 2250 ||| DROPPING scroll of vulnerability.
  2331 | D:3      | Reached skill level 5 in Axes
  2345 | D:3      | 2345 ||| Stepping ~*~*~tactically~*~*~ (stealth).
  2491 | D:3      | Gained mutation: Your magical nature lets you fly swiftly
                  | and evasively. [Tengu growth]
  2491 | D:3      | Reached XP level 5. HP: 30/30 MP: 9/9
  2525 | D:3      | 2525 ||| Stepping ~*~*~tactically~*~*~ (hiding).
  2647 | D:3      | Found a runed translucent door.
  2647 | D:3      | Noticed qw's ghost (amateur TeWr)
  2811 | D:3      | 2811 ||| READING 2 scrolls labelled TIFIXI IMAIXT.
  2812 | D:3      | 2812 ||| READING scroll labelled DETEEW TUFEDGH.
  2812 | D:3      | Identified a scroll of acquirement
  2812 | D:3      | 2812 ||| ACQUIRING +0 pair of gloves of strength
  2812 | D:3      | Acquired a +0 pair of gloves of strength
  2814 | D:3      | 2814 ||| UPGRADING to +0 pair of gloves of strength.
  2819 | D:3      | 2819 ||| DRINKING 2 gluggy blue potions.
  2820 | D:3      | 2820 ||| DROPPING scroll of poison.
  2821 | D:3      | 2821 ||| Stepping randomly (stuck).
  2822 | D:3      | 2822 ||| Stepping ~*~*~tactically~*~*~ (cloud).
  2828 | D:3      | HP: 7/30 [poisoned by you (poison gas)]
  2832 | D:3      | HP: 3/30 [poisoned by you (poison gas)]
  3109 | D:4      | 3109 ||| STAIRDANCE
  3137 | D:4      | 3137 ||| Stepping ~*~*~tactically~*~*~ (stealth).
  3139 | D:4      | 3139 ||| Stepping ~*~*~tactically~*~*~ (stealth).
  3144 | D:4      | 3144 ||| Stepping ~*~*~tactically~*~*~ (stealth).
  3263 | D:4      | Noticed an ogre
  3269 | D:4      | Killed an ogre
  3270 | D:4      | Reached skill level 6 in Axes
  3270 | D:4      | Reached XP level 6. HP: 35/35 MP: 10/10
  3315 | D:4      | Found a burning altar of Makhleb.
  3650 | D:4      | Reached skill level 7 in Axes
  3806 | D:4      | 3806 ||| Stepping ~*~*~tactically~*~*~ (hiding).
  4076 | D:4      | Found a hazy altar of Hepliaklqana.
  4082 | D:4      | 4082 ||| Stepping ~*~*~tactically~*~*~ (stealth).
  4086 | D:4      | 4086 ||| Stepping ~*~*~tactically~*~*~ (stealth).
  4148 | D:4      | 4148 ||| Stepping ~*~*~tactically~*~*~ (stealth).
  4153 | D:4      | 4153 ||| Stepping ~*~*~tactically~*~*~ (stealth).
  4154 | D:4      | 4154 ||| Stepping ~*~*~tactically~*~*~ (stealth).
  4174 | D:4      | 4174 ||| Stepping ~*~*~tactically~*~*~ (stealth).
  4178 | D:4      | 4178 ||| Stepping ~*~*~tactically~*~*~ (stealth).
  4181 | D:4      | Identified the +2 helmet of the Big Bang {Harm rC+}
  4181 | D:4      | Noticed Robin
  4182 | D:4      | 4182 ||| Stepping ~*~*~tactically~*~*~ (hiding).
  4195 | D:4      | Killed Robin
  4196 | D:4      | 4196 ||| Stepping ~*~*~tactically~*~*~ (hiding).
  4199 | D:4      | 4199 ||| Stepping ~*~*~tactically~*~*~ (hiding).
  4368 | D:4      | 4368 ||| UPGRADING to +6 ring of strength.
  4369 | D:4      | 4369 ||| READING 2 scrolls labelled QAWIBA JIESOJ.
  4374 | D:4      | 4374 ||| READING scroll labelled USEKKEUTOUN.
  4375 | D:4      | 4375 ||| DRINKING 2 puce potions.
  4376 | D:4      | 4376 ||| READING 2 scrolls of identify.
  4376 | D:4      | 4376 ||| IDENTIFYING fuming red potion
  4377 | D:4      | 4377 ||| DROPPING potion of flight.
  4392 | D:5      | Entered Level 5 of the Dungeon
  4401 | D:5      | Reached skill level 3 in Fighting
  4430 | D:5      | 4430 ||| Stepping ~*~*~tactically~*~*~ (hiding).
  4481 | D:5      | Reached XP level 7. HP: 34/41 MP: 11/11
  4730 | D:5      | 4730 ||| Stepping ~*~*~tactically~*~*~ (stealth).
  4734 | D:5      | 4734 ||| Stepping ~*~*~tactically~*~*~ (hiding).
  4751 | D:5      | HP: 8/41 [orc/+0 trident (6)]
  4752 | D:5      | 4752 ||| READING scroll of teleportation.
  4752 | D:5      | HP: 3/41 [poisoned by a scorpion]
  4754 | D:5      | HP: 1/41 [poisoned by a scorpion]
  4755 | D:5      | Succumbed to a scorpion's poison

Levels and vault maps discovered:
D:1:      lightli_arrival_statuegarden, layout_loops_ring
D:2:      layout_loops_corners, basic_altar,
          shapermc_ecumenical_altar_starsandcircs, dk_noncrumbling_4
D:3:      layout_rooms, hellmonk_ghost_happy_afterlife, corexii_shack
D:4:      layout_loops_corners, makhleb_blood_cavern_becter,
          nicolae_hepliaklqana_hazy_memory, hangedman_abyss_or_decor_passed,
          minivault_23, uniq_robin
D:5:      layout_gridville

Skill      XL: |  1  2  3  4  5  6  7 |
---------------+----------------------+-----
Axes           | 3 4 5 6 7 |  7.0
Shields        | 1 |  1.0
Armour         | 2 |  2.2
Fighting       | 3 |  3.0
Throwing       | 2 |  2.5
Dodging        | |  2.1
Spellcasting   | |  2.0
Translocations | |  2.4

Action                   |  1- 3 |  4- 6 |  7- 9 || total
-------------------------+-------+-------+-------++-------
Melee: Hand axe          |    46 |   131 |    31 ||   208
       Kick              |    10 |    29 |     7 ||    46
       Peck              |     7 |    18 |     5 ||    30
Throw: Javelin           |    37 |    44 |     1 ||    82
       Boomerang         |       |     7 |       ||     7
  Use: Scroll            |     4 |     8 |     1 ||    13
       Potion            |       |     3 |       ||     3
Armor: Leather armour    |    12 |     3 |       ||    15
       Chain mail        |       |    42 |    17 ||    59
Dodge: Dodged            |    27 |    45 |    13 ||    85
Block: Buckler           |     1 |    14 |     7 ||    22

Table legend:
 A = Non-vault XP
 B = Vault XP
 C = Vault XP percentage of total XP
 D = Non-vault monster count
 E = Vault monster count
 F = Vault count percentage of total count
                 A         B        C        D         E       F
            +---------+---------+-------+---------+---------+-------
      Total |     582 |     146 |  20.1 |      90 |      16 |  15.1
            +---------+---------+-------+---------+---------+-------
        D:1 |      54 |       0 |   0.0 |      23 |       0 |   0.0
        D:2 |      70 |       0 |   0.0 |      20 |       0 |   0.0
        D:3 |      66 |       2 |   2.9 |      21 |       1 |   4.5
        D:4 |     222 |     144 |  39.3 |      19 |      15 |  44.1
        D:5 |     170 |       0 |   0.0 |       7 |       0 |   0.0
            +---------+---------+-------+---------+---------+-------
